 Dungeon Crawl Stone Soup version 0.24.0-123-gd5b16e6ec5 (webtiles) character file.

Game seed: 15205030640296676455, levelgen mode: deterministic

214 Bluestream the Skirmisher (level 5, 0/48 HPs)
             Began as a Hill Orc Fighter on Feb 4, 2020.
             Killed from afar by an orc wizard (9 damage)
             ... with a magic dart
             ... on level 4 of the Dungeon.
             The game lasted 00:04:11 (2429 turns).

Bluestream the Skirmisher (Hill Orc Fighter)        Turns: 2429, Time: 00:04:11

Health: 0/48       AC: 15    Str: 20    XL:     5   Next: 91%
Magic:  5/5        EV:  3    Int:  8    God:
Gold:   200        SH:  9    Dex: 10    Spells: 4/4 levels left

rFire    . . .     SeeInvis .   a - +0 war axe
rCold    . . .     Gourm    .   c - +0 shield
rNeg     . . .     Faith    .   n - +0 plate armour
rPois    +         Spirit   .   r - +0 helmet
rElec    .         Reflect  .   u - +1 cloak
rCorr    +         Harm     .   (no gloves)
MR       .....                  (no boots)
Stlth    ..........             (no amulet)
HPRegen  0.16/turn              h - ring of resist corrosion
MPRegen  0.09/turn              l - ring of poison resistance

@: no status effects
A: no striking features
a: no special abilities


You were on level 4 of the Dungeon.
You were hungry.

You visited 1 branch of the dungeon, and saw 4 of its levels.

You collected 200 gold pieces.

Inventory:

Hand Weapons
 a - a +0 war axe (weapon)
Armour
 c - a +0 shield (worn)
 n - a +0 plate armour (worn)
 r - a +0 helmet (worn)
 u - a +1 cloak (worn)
Jewellery
 h - a ring of resist corrosion (left hand)
 l - a ring of poison resistance (right hand)
Scrolls
 b - 5 scrolls of identify {unknown}
 e - a scroll of enchant weapon {unknown}
 i - 5 scrolls of teleportation {unknown}
 k - a scroll of fear {unknown}
 m - a scroll of immolation {unknown}
 p - a scroll of magic mapping {unknown}
 s - a scroll of amnesia {unknown}
 t - 4 scrolls of remove curse {unknown}
Potions
 d - a potion of might
 g - 2 potions of brilliance {unknown}
 j - a potion of lignification {unknown}
 o - a potion of berserk rage {unknown}
 q - 2 potions of curing {unknown}
 v - 2 potions of invisibility {unknown}
 w - a potion of mutation {unknown}
Comestibles
 f - 5 rations


   Skills:
 + Level 5.5 Fighting
 + Level 5.3 Axes
 + Level 4.4 Armour
 - Level 3.2 Shields


You had 4 spell levels left.
You didn't know any spells.
Your spell library was empty.

Dungeon Overview and Level Annotations

Branches:
Dungeon (3/15)

Altars:


Message History

The orc shouts!
The orc wizard gestures at you while chanting.
The magic dart hits you but does no damage.
An orc wizard comes into view. It is wielding a -2 dagger.
The orc wizard shouts!
You block the orc wizard's attack.
The orc wizard points at you and mumbles some strange words.
The magic dart hits you!
* * * LOW HITPOINT WARNING * * *
The orc wizard mumbles some strange words.
The orc wizard seems to speed up.
The orc wizard hits you but does no damage.
Found a stone staircase leading down.
The orc wizard points at you and mumbles some strange words.
The magic dart hits you but does no damage.
Found a dagger.
Found a dagger.
The orc wizard points at you and mumbles some strange words.
The magic dart hits you!
You die...

.. ........##
...... ).# ##
...... ... .######
..... #.# .......
... #.###)..#
######.##.##@.#
..........o..##
#####.g####.....#
##.# #####.# #g# #
#g# .####### #o#
.......# #.#
.......####Z######


You could see an orc wizard and a gnoll.

Vanquished Creatures
  An orc priest (D:4)
  6 adders
  2 gnolls (D:4)
  An ooze (D:3)
  2 worms (D:2)
  4 leopard geckos
  2 orcs
  3 giant cockroaches (D:2)
  15 goblins
  11 hobgoblins
  12 jackals (D:3)
  8 kobolds
  3 quokkas
  2 ball pythons (D:1)
  6 bats
  5 frilled lizards
  10 rats
93 creatures vanquished.

Notes
Turn   | Place    | Note
-------+----------+-------------------------------------------
     0 | D:1      | Bluestream the Hill Orc Fighter began the quest for the
                  | Orb.
     0 | D:1      | Reached XP level 1. HP: 19/19 MP: 1/1
   102 | D:1      | Reached XP level 2. HP: 23/27 MP: 2/2
   958 | D:2      | Reached XP level 3. HP: 34/34 MP: 3/3
  1343 | D:2      | Reached XP level 4. HP: 41/41 MP: 4/4
  1999 | D:3      | Reached skill level 5 in Fighting
  2031 | D:3      | Reached XP level 5. HP: 46/48 MP: 5/5
  2348 | D:3      | Reached skill level 5 in Axes
  2398 | D:3      | You fall into a shaft and drop 1 floor!
  2429 | D:4      | Killed from afar by an orc wizard

Levels and vault maps discovered:
D:1:      dpeg_arrival_lava_temple_mockup, layout_basic, minmay_tromino_v7
D:2:      layout_basic, first_ration
D:3:      cheibrodos_greedy_goblins, layout_basic, makhleb_grotto_becter,
          uniq_ijyb
D:4:      layout_rooms, grunt_dithmenos_smoke_and_mirrors

Skill      XL: |  1  2  3  4  5 |
---------------+----------------+-----
Axes           | 3 4 5 |  5.3
Fighting       | 4 5 |  5.5
Armour         | 4 |  4.4
Shields        | |  3.2

Action                   |  1- 3 |  4- 6 || total
-------------------------+-------+-------++-------
Melee: War axe           |   119 |   171 ||   290
  Eat: Chunk             |     2 |     3 ||     5
Armor: Scale mail        |    21 |       ||    21
       Plate armour      |    66 |   167 ||   233
Dodge: Dodged            |    22 |    26 ||    48
Block: Shield            |    68 |   114 ||   182
